SAA
GLENDALE HERONS @ ATHLETIC CLUB KC ACADEMY
07/01/2021
 
TOP OF THE 1ST
Glendale Herons batting - Pitching for Athletic Club KC Academy : LHP António Uribe
Pitching: LHP António Uribe
Batting: LHB Jim Unknown 0-0: Called Strike
0-1: Foul Ball, location: 2F
0-2: Ball
1-2: Strikes out looking
Batting: LHB José Rodríguez 0-0: Ground out 6-3 (Groundball, 6)
Batting: RHB Ángel Ruezga 0-0: Called Strike
0-1: Swinging Strike
0-2: Ball
1-2: Ball
2-2: Foul Ball, location: 2F
2-2: Foul Ball, location: 2F
2-2: Strikes out swinging
Top of the 1st over - 0 run(s), 0 hit(s), 0 error(s), 0 left on base; Glendale 0 - Athletic Club KC Academy 0
BOTTOM OF THE 1ST
Athletic Club KC Academy batting - Pitching for Glendale Herons : RHP Mike Barrett
Pitching: RHP Mike Barrett
Batting: SHB António Montés 0-0: Ball
1-0: Ball
2-0: Ball
3-0: Called Strike
3-1: Base on Balls
Batting: RHB John Williams 0-0: Called Strike
0-1: Called Strike
0-2: Foul Ball, location: 2F
0-2: Ball
1-2: Foul Ball, location: 2F
Balk!
António Montés to second
1-2: Foul Ball, location: 2F
1-2: Ball
2-2: Foul Ball, location: 2F
Single, Error in OF, E7, batter to second base
António Montés scores
Batting: RHB Bob Curry 0-0: Foul Ball, location: 2F
0-1: Ball
1-1: Foul Ball, location: 2F
1-2: Foul Ball, location: 2F
1-2: Ball
2-2: Ball
3-2: Foul Ball, location: 2F
3-2: TRIPLE (Flyball, 9LM)
John Williams scores
Batting: LHB José Durán 0-0: Ball
1-0: Ball
2-0: Called Strike
2-1: Swinging Strike
2-2: Ground out U3 (Groundball, 3L)
Batting: RHB William Williams 0-0: Swinging Strike
0-1: Foul Ball, location: 2F
0-2: Foul Ball, location: 2F
0-2: Fly out, F4 (Popup, 4MS)
Batting: RHB Chris Teague 0-0: Swinging Strike
0-1: Called Strike
0-2: Ball
1-2: SINGLE (Flyball, 78M)
Bob Curry scores
Batting: RHB Frank Church 0-0: Ground out 5-3 (Groundball, 5)
Bottom of the 1st over - 3 run(s), 3 hit(s), 1 error(s), 1 left on base; Glendale 0 - Athletic Club KC Academy 3
TOP OF THE 2ND
Glendale Herons batting - Pitching for Athletic Club KC Academy : LHP António Uribe
Batting: RHB Héctor Moreno 0-0: Called Strike
0-1: Swinging Strike
0-2: Ball
1-2: Strikes out looking
Batting: RHB Ángel López 0-0: Swinging Strike
0-1: Swinging Strike
0-2: Strikes out swinging
Batting: RHB José Mata 0-0: Called Strike
0-1: Ball
1-1: Foul Ball, location: 2F
1-2: Strikes out swinging
Top of the 2nd over - 0 run(s), 0 hit(s), 0 error(s), 0 left on base; Glendale 0 - Athletic Club KC Academy 3
BOTTOM OF THE 2ND
Athletic Club KC Academy batting - Pitching for Glendale Herons : RHP Mike Barrett
Batting: RHB Mike Lovell 0-0: Called Strike
0-1: SINGLE (Line Drive, 56D)
Batting: LHB Ed Hammond 0-0: Called Strike
0-1: Ball
1-1: Fly out, F8 (Popup, 8RS)
Batting: SHB António Montés 0-0: Called Strike
0-1: Called Strike
0-2: Foul Ball, location: 2F
0-2: Ball
1-2: Ball
2-2: Ball
3-2: Fly out, F6 (Popup, 6)
Batting: RHB John Williams 0-0: Ball
1-0: Foul Ball, location: 2F
1-1: Ball
2-1: SINGLE (Groundball, 34D)
Mike Lovell to second
Runner from 2nd tries for 3rd, SAFE, no throw or cutoff
Batting: RHB Bob Curry 0-0: Ball
1-0: Ball
2-0: Fielders Choice at 2nd, U6 (Groundball, 6M)
Bottom of the 2nd over - 0 run(s), 2 hit(s), 0 error(s), 2 left on base; Glendale 0 - Athletic Club KC Academy 3
TOP OF THE 3RD
Glendale Herons batting - Pitching for Athletic Club KC Academy : LHP António Uribe
Batting: RHB John Gilliam 0-0: Ball
1-0: SINGLE (Line Drive, 4MD)
Batting: LHB Travis Alexander 0-0: Called Strike
0-1: SINGLE (Groundball, 34D)
John Gilliam to second
Throwing error, E9
John Gilliam scores
Travis Alexander to second
Batting: LHB Pedro Rodríguez 0-0: Ball
1-0: Ground out 6-3 (Groundball, 6)
Batting: LHB Jim Unknown 0-0: Ball
1-0: Called Strike
1-1: SINGLE (Groundball, 4MD)
Travis Alexander to third
Batting: LHB José Rodríguez 0-0: Ball
1-0: Swinging Strike
1-1: Ball
2-1: Swinging Strike
2-2: Ball
3-2: Strikes out looking
Batting: RHB Ángel Ruezga 0-0: Foul Ball, location: 2F
0-1: Swinging Strike
0-2: Foul Ball, location: 2F
0-2: Ball
1-2: Strikes out looking
Top of the 3rd over - 1 run(s), 3 hit(s), 1 error(s), 2 left on base; Glendale 1 - Athletic Club KC Academy 3
BOTTOM OF THE 3RD
Athletic Club KC Academy batting - Pitching for Glendale Herons : RHP Mike Barrett
Batting: LHB José Durán 0-0: Ball
1-0: Called Strike
1-1: Called Strike
1-2: Foul Ball, location: 2F
1-2: Foul Ball, location: 2F
1-2: Foul Ball, location: 2F
1-2: Ball
2-2: Ground out 4-3 (Groundball, 34)
Batting: RHB William Williams 0-0: Called Strike
0-1: Called Strike
0-2: Foul Ball, location: 2F
0-2: Ball
1-2: Foul Ball, location: 2F
1-2: Foul Ball, location: 2F
1-2: Ground out 6-3 (Groundball, 6)
Batting: RHB Chris Teague 0-0: Called Strike
0-1: Ball
1-1: Ball
2-1: Swinging Strike
2-2: Ground out 6-3 (Groundball, 6MS)
Bottom of the 3rd over - 0 run(s), 0 hit(s), 0 error(s), 0 left on base; Glendale 1 - Athletic Club KC Academy 3
TOP OF THE 4TH
Glendale Herons batting - Pitching for Athletic Club KC Academy : LHP António Uribe
Batting: RHB Héctor Moreno 0-0: Ground out 4-3 (Groundball, 4M)
Batting: RHB Ángel López 0-0: Ball
1-0: Fly out, F8 (Flyball, 8LXD)
Batting: RHB José Mata 0-0: Foul Ball, location: 2F
0-1: Ball
1-1: Ball
2-1: Swinging Strike
2-2: Foul Ball, location: 2F
2-2: Foul Ball, location: 2F
2-2: Ball
3-2: Foul Ball, location: 2F
3-2: Strikes out swinging
Top of the 4th over - 0 run(s), 0 hit(s), 0 error(s), 0 left on base; Glendale 1 - Athletic Club KC Academy 3
BOTTOM OF THE 4TH
Athletic Club KC Academy batting - Pitching for Glendale Herons : RHP Mike Barrett
Batting: RHB Frank Church 0-0: Ball
1-0: SINGLE (Line Drive, 89S)
Batting: RHB Mike Lovell 0-0: Foul Ball, location: 2F
0-1: Foul Ball, location: 2F
0-2: Foul Ball, location: 2F
0-2: Ground out U3 (Groundball, 3S)
Frank Church to second
Batting: LHB Ed Hammond 0-0: Ball
1-0: Called Strike
1-1: Foul Ball, location: 2F
1-2: Fly out, F7 (Flyball, 7LM)
Batting: SHB António Montés 0-0: Swinging Strike
0-1: TRIPLE (Flyball, 89M)
Frank Church scores
Batting: RHB John Williams 0-0: Ball
1-0: Ball
2-0: SINGLE (Line Drive, 34)
António Montés scores
Batting: RHB Bob Curry 0-0: Called Strike
0-1: Foul Ball, location: 2F
0-2: Ball
1-2: SINGLE (Groundball, 56)
John Williams to second
Batting: LHB José Durán 0-0: Ball
1-0: Foul Ball, location: 2F
1-1: Ball
2-1: Ball
3-1: Fielders Choice at 2nd, U4 (Groundball, 4M)
Bottom of the 4th over - 2 run(s), 4 hit(s), 0 error(s), 2 left on base; Glendale 1 - Athletic Club KC Academy 5
TOP OF THE 5TH
Glendale Herons batting - Pitching for Athletic Club KC Academy : LHP António Uribe
Batting: RHB John Gilliam 0-0: Ball
1-0: Called Strike
1-1: Ball
2-1: Ball
3-1: Called Strike
3-2: Ground out 4-3 (Groundball, 4)
Batting: LHB Travis Alexander 0-0: Called Strike
0-1: Called Strike
0-2: Ball
1-2: SINGLE (Line Drive, 8LS)
Batting: LHB Pedro Rodríguez 0-0: Called Strike
0-1: Ball
1-1: Ball
2-1: Swinging Strike
2-2: Ball
3-2: Fly out, F5 (Line Drive, 56)
Batting: LHB Jim Unknown 0-0: Ball
1-0: Ball
2-0: Ball
3-0: Base on Balls
Travis Alexander to second
Batting: LHB José Rodríguez 0-0: Called Strike
0-1: Ball
1-1: Ground out 4-3 (Groundball, 34)
Top of the 5th over - 0 run(s), 1 hit(s), 0 error(s), 2 left on base; Glendale 1 - Athletic Club KC Academy 5
BOTTOM OF THE 5TH
Athletic Club KC Academy batting - Pitching for Glendale Herons : RHP Mike Barrett
Batting: RHB William Williams 0-0: Ball
1-0: Foul Ball, location: 2F
1-1: Swinging Strike
1-2: Fly out, F8 (Flyball, 78S)
Batting: RHB Chris Teague 0-0: Swinging Strike
0-1: Ball
1-1: Ball
2-1: Swinging Strike
2-2: Foul Ball, location: 2F
2-2: Ball
3-2: Foul Ball, location: 2F
3-2: SINGLE (Line Drive, 6D)
Batting: RHB Frank Church 0-0: Ball
1-0: Fly out, F7 (Flyball, 7LM)
Batting: RHB Mike Lovell 0-0: Called Strike
Chris Teague steals 2nd base
0-1: Ball
1-1: Ball
2-1: Ball
3-1: Base on Balls
Batting: LHB Ed Hammond 0-0: Ball
1-0: Swinging Strike
1-1: Called Strike
1-2: SINGLE (Groundball, 34D)
Chris Teague to third
Mike Lovell to second
Runner from 3rd tries for Home, SAFE, no throw or cutoff
Pitching: RHP Alfredo Martínez
Batting: SHB António Montés 0-0: Foul Ball, location: 2F
0-1: Fly out, F9 (Line Drive, 9D)
Bottom of the 5th over - 1 run(s), 2 hit(s), 0 error(s), 2 left on base; Glendale 1 - Athletic Club KC Academy 6
TOP OF THE 6TH
Glendale Herons batting - Pitching for Athletic Club KC Academy : LHP António Uribe
Batting: RHB Ángel Ruezga 0-0: Called Strike
0-1: Foul Ball, location: 2F
0-2: Ball
1-2: Foul Ball, location: 2F
1-2: Foul Ball, location: 2F
1-2: Fly out, F3 (Popup, 3SF)
Batting: RHB Héctor Moreno 0-0: Ball
1-0: DOUBLE (Flyball, 7D)
Batting: RHB Ángel López 0-0: Called Strike
0-1: Ball
1-1: Called Strike
1-2: SINGLE (Line Drive, 6MD)
Héctor Moreno to third
Batting: RHB José Mata 0-0: Ball
Ángel López is caught stealing 2nd base
1-0: Ball
2-0: Foul Ball, location: 2F
2-1: SINGLE (Line Drive, 8LS)
Héctor Moreno scores
Batting: RHB John Gilliam 0-0: Called Strike
0-1: Ground out 3-1 (Groundball, 34)
Top of the 6th over - 1 run(s), 3 hit(s), 0 error(s), 1 left on base; Glendale 2 - Athletic Club KC Academy 6
BOTTOM OF THE 6TH
Athletic Club KC Academy batting - Pitching for Glendale Herons : RHP Alfredo Martínez
Batting: RHB John Williams 0-0: Foul Ball, location: 2F
0-1: Foul Ball, location: 2F
0-2: Ball
1-2: Ball
2-2: SINGLE (Groundball, 34D)
Batting: RHB Bob Curry 0-0: Called Strike
0-1: Ball
1-1: Foul Ball, location: 2F
1-2: Ball
2-2: Ball
3-2: Fly out, F8 (Flyball, 8LS)
Batting: LHB José Durán 0-0: Ball
1-0: Ball
2-0: Ball
3-0: Base on Balls
John Williams to second
Batting: RHB William Williams 0-0: Ball
1-0: Called Strike
1-1: SINGLE (Line Drive, 7LS)
John Williams to third
José Durán to second
Batting: RHB Chris Teague 0-0: Foul Ball, location: 2F
0-1: Foul Ball, location: 2F
0-2: Strikes out swinging
Batting: RHB Frank Church 0-0: Foul Ball, location: 2F
0-1: Ball
1-1: Ball
2-1: Fly out, F8 (Flyball, 8LM)
Bottom of the 6th over - 0 run(s), 2 hit(s), 0 error(s), 3 left on base; Glendale 2 - Athletic Club KC Academy 6
TOP OF THE 7TH
Glendale Herons batting - Pitching for Athletic Club KC Academy : LHP António Uribe
Batting: LHB Travis Alexander 0-0: Ball
1-0: Foul Ball, location: 2F
1-1: Foul Ball, location: 2F
1-2: Ball
2-2: Foul Ball, location: 2F
2-2: Strikes out swinging
Batting: LHB Pedro Rodríguez 0-0: Called Strike
0-1: Called Strike
0-2: Strikes out swinging
Batting: LHB Jim Unknown 0-0: Ground out U3 (Groundball, 3)
Top of the 7th over - 0 run(s), 0 hit(s), 0 error(s), 0 left on base; Glendale 2 - Athletic Club KC Academy 6
BOTTOM OF THE 7TH
Athletic Club KC Academy batting - Pitching for Glendale Herons : RHP Alfredo Martínez
Batting: RHB Mike Lovell 0-0: Swinging Strike
0-1: Ball
1-1: Foul Ball, location: 2F
1-2: Foul Ball, location: 2F
1-2: Foul Ball, location: 2F
1-2: Foul Ball, location: 2F
1-2: Foul Ball, location: 2F
1-2: Ground out U3 (Groundball, 3S)
Batting: LHB Ed Hammond 0-0: Foul Ball, location: 2F
0-1: Ball
1-1: Swinging Strike
1-2: Foul Ball, location: 2F
1-2: Ball
2-2: Ball
3-2: Strikes out looking
Batting: SHB António Montés 0-0: Ball
1-0: Called Strike
1-1: Called Strike
1-2: Foul Ball, location: 2F
1-2: Fly out, F8 (Flyball, 8RXD)
Bottom of the 7th over - 0 run(s), 0 hit(s), 0 error(s), 0 left on base; Glendale 2 - Athletic Club KC Academy 6
TOP OF THE 8TH
Glendale Herons batting - Pitching for Athletic Club KC Academy : LHP António Uribe
Batting: LHB José Rodríguez 0-0: Fly out, F7 (Flyball, 7S)
Batting: RHB Ángel Ruezga 0-0: Called Strike
0-1: Ground out 4-3 (Groundball, 4)
Batting: RHB Héctor Moreno 0-0: Ball
1-0: Called Strike
1-1: Ball
2-1: Foul Ball, location: 2F
2-2: Ball
3-2: Fly out, F3 (Popup, 3SF)
Top of the 8th over - 0 run(s), 0 hit(s), 0 error(s), 0 left on base; Glendale 2 - Athletic Club KC Academy 6
BOTTOM OF THE 8TH
Athletic Club KC Academy batting - Pitching for Glendale Herons : RHP Alfredo Martínez
Pitching: RHP Ron Yarbrough
Batting: RHB John Williams 0-0: Foul Ball, location: 2F
0-1: Foul Ball, location: 2F
0-2: Ball
1-2: Ball
2-2: Ball
3-2: Base on Balls
Batting: RHB Bob Curry 0-0: Called Strike
0-1: Ball
1-1: Called Strike
1-2: Foul Ball, location: 2F
1-2: Fly out, F3 (Popup, 34)
Batting: LHB José Durán 0-0: Called Strike
0-1: Foul Ball, location: 2F
0-2: Fielders Choice at 2nd, 5-4 (Groundball, 5L)
Batting: RHB William Williams 0-0: Ball
1-0: Ball
2-0: Ball
3-0: Base on Balls
José Durán to second
Batting: RHB Chris Teague 0-0: Called Strike
0-1: Ball
1-1: Foul Ball, location: 2F
1-2: Ball
2-2: Fly out, F4 (Popup, 4MD)
Bottom of the 8th over - 0 run(s), 0 hit(s), 0 error(s), 2 left on base; Glendale 2 - Athletic Club KC Academy 6
TOP OF THE 9TH
Glendale Herons batting - Pitching for Athletic Club KC Academy : LHP António Uribe
Pitching: LHP António Silva
Batting: RHB Ángel López 0-0: Ball
1-0: Ball
2-0: Ball
3-0: Called Strike
3-1: Ground out 5-3 (Groundball, 5L)
Batting: RHB José Mata 0-0: Ball
1-0: Called Strike
1-1: Ball
2-1: Swinging Strike
2-2: Fly out, F5 (Popup, 15)
Batting: RHB John Gilliam 0-0: Ground out 4-3 (Groundball, 4M)
Top of the 9th over - 0 run(s), 0 hit(s), 0 error(s), 0 left on base; Glendale 2 - Athletic Club KC Academy 6
This league is powered by Out of the Park Baseball, the baseball management simulation game for PC, Mac and Linux
Friday, January 22nd, 2016 - OOTP Baseball 16.9 Build 39